 Dungeon Crawl Stone Soup version 0.29-a0-617-g7a6b98fccd (webtiles) character file.

Game seed: 18298334238747033987

92840 HoaS the Sharpshooter (level 16, -5/103 HPs)
             Began as a Gargoyle Hunter on June 17, 2022.
             Was the Champion of Okawaru.
             Slain by a white ugly thing (30 damage)
             ... on level 14 of the Dungeon.
             The game lasted 01:12:42 (25386 turns).

HoaS the Sharpshooter (Gargoyle Hunter)            Turns: 25386, Time: 01:12:43

Health: -5/103     AC: 38    Str: 17    XL:     16   Next: 7%
Magic:  0/23       EV: 28    Int: 10    God:    Okawaru [******]
Gold:   907        SH:  0    Dex: 24    Spells: 15/15 levels left

rFire   + . .      SeeInvis +   H - +7 triple crossbow of Ogoith {freeze, rF+ Will- Dex+2}
rCold   . . .      Faith    .   (shield currently unavailable)
rNeg    + . .      Spirit   +   a - +3 acid dragon scales
rPois   ∞          Reflect  .   y - +2 helmet {SInv}
rElec   +          Harm     .   E - +1 cloak "Sedoesy" {Dex+3}
rCorr   +          Rampage  .   i - +2 pair of gloves
Will    .....                   d - +2 pair of boots
Stlth   +++.......              s - amulet of guardian spirit
HPRegen 0.27/turn               F - +4 ring of evasion
MPRegen 0.18/turn               J - +4 ring of slaying

@: heroic, flying
A: sickness immunity, AC +12, big wings, negative energy resistance 1,
electricity resistance, torment resistance 1, petrification resistance
a: Renounce Religion, Heroism, Finesse, Duel


You were on level 14 of the Dungeon.
You worshipped Okawaru.
Okawaru was exalted by your worship.
You visited 4 branches of the dungeon, and saw 24 of its levels.
You also visited: Ossuary.

You collected 2283 gold pieces.
You spent 1376 gold pieces at shops.

Inventory:

Hand Weapons
 x - the +4 arbalest of Byelohuxt {venom, rC+ rCorr}
   (Okawaru gifted it to you on level 1 of the Lair of Beasts)

   Any ammunition fired from it poisons the flesh of those it strikes.
   rC:        It protects you from cold.
   rCorr:     It protects you from acid and corrosion.
 H - the +7 triple crossbow of Ogoith (weapon) {freeze, rF+ Will- Dex+2}
   (Okawaru gifted it to you on level 2 of the Orcish Mines)

   Any ammunition fired from it freezes those it strikes, dealing additional
   cold damage.
   It can also slow down cold-blooded creatures.
   Dex:       It affects your dexterity (+2).
   rF:        It protects you from fire.
   Will:      It decreases your willpower.
Missiles
 I - 2 throwing nets
Armour
 a - +3 acid dragon scales (worn)
 d - a +2 pair of boots (worn)
 i - a +2 pair of gloves (worn)
 y - a +2 helmet of see invisible (worn)
 E - the +1 cloak "Sedoesy" (worn) {Dex+3}
   (Okawaru gifted it to you on level 6 of the Lair of Beasts)

   Dex:       It affects your dexterity (+3).
Jewellery
 e - a +4 ring of evasion
 k - a ring of positive energy
 p - a ring of protection from fire
 q - a ring of protection from cold
 s - an amulet of guardian spirit (around neck)
 A - a +6 ring of strength
 F - a +4 ring of evasion (left hand)
 J - a +4 ring of slaying (right hand)
 M - the ring of Baitweid {Will++ MP+9 Int+3}
   (You bought it in a shop on level 13 of the Dungeon)

   [ring of magical power]

   Int:       It affects your intelligence (+3).
   MP:        It affects your magic capacity (+9).
   Will:      It greatly increases your willpower.
Wands
 h - a wand of iceblast (8)
 l - a wand of flame (51)
 D - a wand of quicksilver (7)
Scrolls
 b - 4 scrolls of magic mapping
 c - 5 scrolls of immolation
 j - 3 scrolls of fog
 n - 2 scrolls of brand weapon
 u - 5 scrolls of poison
 v - 14 scrolls of identify
 L - a scroll of enchant weapon
Potions
 f - 5 potions of heal wounds
 g - 4 potions of attraction
 m - 3 potions of berserk rage
 o - 9 potions of curing
 r - 3 potions of invisibility
 t - 2 potions of haste
 w - a potion of might
 z - 3 potions of lignification
 B - a potion of cancellation
 C - a potion of resistance
 G - 3 potions of mutation
 K - a potion of ambrosia


   Skills:
 - Level 12.9(17.9) Fighting
 + Level 19.7(24.7) Crossbows
 - Level 9.6(14.6) Armour
 - Level 10.3(15.3) Dodging
 - Level 1.1(6.1) Stealth
 - Level 9.5 Invocations


You had 15 spell levels left.
You didn't know any spells.
Your spell library contained the following spells:

 Spells                   Type           Power      Damage    Failure   Level
 Apportation              Tloc           0%         N/A       43%         1
 Freeze                   Ice            0%         1d3       43%         1
 Necrotize                Necr           0%         1d4       43%         1
 Poisonous Vapours        Pois/Air       0%         N/A       56%         2
 Wereblood                Tmut           0%         N/A       56%         2
 Conjure Flame            Conj/Fire      0%         6-21      80%         3
 Frozen Ramparts          Ice            0%         1d2       80%         3
 Gell's Gravitas          Tloc           0%         N/A       80%         3
 Ignite Poison            Fire/Tmut/Pois 0%         N/A       80%         3
 Lesser Beckoning         Tloc           0%         N/A       80%         3
 Mephitic Cloud           Conj/Pois/Air  0%         N/A       80%         3
 Teleport Other           Tloc           0%         N/A       80%         3
 Corpse Rot               Necr/Pois/Air  0%         N/A       99%         4
 Hailstorm                Conj/Ice       0%         3d3       99%         4
 Sticky Flame             Conj/Fire      0%         2d3       99%         4
 Alistair's Intoxication  Tmut/Pois      0%         N/A       100%        5
 Blade Hands              Tmut           0%         N/A       100%        5
 Borgnjor's Vile Clutch   Necr/Erth      0%         N/A       100%        5
 Freezing Cloud           Conj/Ice/Air   0%         6-21      100%        5
 Irradiate                Conj/Tmut      0%         3d13      100%        5
 Eringya's Noxious Bog    Tmut/Pois      0%         N/A       100%        6
 Dragon Form              Tmut           0%         N/A       100%        7
 Polar Vortex             Ice            0%         N/A       100%        9
 Summon Small Mammal      Summ           Unusable   N/A       N/A         1
 Sublimation of Blood     Necr           Unusable   N/A       N/A         2
 Call Canine Familiar     Summ           Unusable   N/A       N/A         3
 Summon Guardian Golem    Hex/Summ       Unusable   N/A       N/A         3
 Simulacrum               Ice/Necr       Unusable   N/A       N/A         6
 Summon Hydra             Summ           Unusable   N/A       N/A         7

Dungeon Overview and Level Annotations

Branches:
Dungeon (15/15)            Temple (1/1) D:4            Lair (6/6) D:9
 Shoals (0/4) Lair:4       Spider (0/4) Lair:3        Slime (0/5) Lair:5
    Orc (2/2) D:11            Elf (0/3) Orc:2        Vaults (0/5) D:14
 Depths (0/4) D:15        Ossuary (visited)

Altars:
Ashenzari
Cheibriados
Dithmenos
Elyvilon
Fedhas
Gozag
Hepliaklqana
Kikubaaqudgha
Makhleb
Nemelex Xobeh
Okawaru
Qazlal
Ru
Sif Muna
Trog
Uskayaw
Vehumet
Wu Jian
Xom
Yredelemnul
Zin
The Shining One
Beogh

Shops:
D:2 (   D:7 [*   D:8 [   D:10 (   D:11 (   D:13 =   D:14 **   Orc:2 [**(

Annotations:
D:9 4 transporters
D:15 1 exclusion, Jorgrun


Innate Abilities, Weirdness & Mutations

You are immune to sickness and miasma.
Your stone body is resilient. (AC +12)
You are immune to poison.
Your large and strong wings let you fly.
You resist negative energy. (rN+)
You are resistant to electric shocks. (rElec)
You are resistant to unholy torment.
You are immune to petrification.


Message History

You shoot a bolt. The bolt hits the red ugly thing!!
The bolt freezes the red ugly thing.
The red ugly thing is heavily wounded.
The red ugly thing bites you!
You are engulfed in flames!
You resist.
You shoot a bolt. The bolt hits the red ugly thing!!!
The bolt freezes the red ugly thing!
You kill the red ugly thing!
Okawaru accepts your kill.
No target in view!
No target in view!
No target in view!
You fly downwards.
Level annotation: 1 exclusion, Jorgrun The white ugly thing stings you.
The white ugly thing freezes you!!
The white ugly thing completely misses you. x2
There is a stone staircase leading up, spattered with blood here.
The white ugly thing barely misses you.
The white ugly thing closely misses you.
You fly upwards.
There is a stone staircase leading down here.
You see here the +5 scale mail of Integrity {+Blink rC- rN+ rCorr}.
You shoot a bolt.
The bolt closely misses the white ugly thing.
The white ugly thing trunk-slaps you but does no damage.
The white ugly thing stings you but does no damage.
The white ugly thing closely misses you.
You shoot a bolt.
The bolt closely misses the white ugly thing.
The white ugly thing misses you. The white ugly thing trunk-slaps you.
The white ugly thing freezes you!!
You are too injured to fight recklessly!
You are too injured to fight recklessly!
You are too injured to fight recklessly!
You are too injured to fight recklessly!
You gain the combat prowess of a mighty hero.
The white ugly thing stings you but does no damage.
The white ugly thing trunk-slaps you.
* * * LOW HITPOINT WARNING * * *
The white ugly thing freezes you!!
You die...

....#.#..)...)...#.#.#
....#..##.#..#)##).#.##
....#.#.#.#..#.#.#.#..##
....#..#.##..##.#..#...#
>..##∩....#..#.....#..##
.##########..#######.##
###.##.#..........#.##
#.#............†.##.##
................@##..#
..............^u[u...#
##...................#
#............./.#...##
#...................#
##.................##
##...............##
#......>.......##
####............##


You could see 2 ugly things.

Vanquished Creatures
  Saint Roka (Orc:2)
  The ghost of olaf the Bludgeoner, a journeyman MeBe of Trog (Lair:4)
  An ettin (D:11)
  A fire dragon (D:15)
  2 spriggan zombies (D:15)
  Fannar (Lair:1)
  Harold (D:11)
  9 hydras
  A death knight (D:15)
  2 boulder beetles
  2 centaur warriors
  A catoblepas (D:13)
  8 two-headed ogres
  An orc high priest (Orc:2)
  A vampire mage (D:14)
  A tengu warrior (D:14)
  Sonja (D:11)
  Amaemon (Lair:3)
  8 skeletal warriors
  A spark wasp zombie (D:15)
  A wizard (D:15)
  Pikel (D:9)
  3 deep elf pyromancers
  A necromancer (D:15)
  2 orc sorcerers
  5 orc knights
  An oklob plant (Lair:6)
  17 ugly things
  5 manticores
  A wolf spider (Lair:3)
  5 cyclopes
  Maurice (D:12)
  4 black mambas
  3 elephants (Lair:5)
  4 centaur skeletons (D:14)
  A torpor snail (Lair:2)
  A yaktaur (D:15)
  23 cane toads
  An orange demon (Lair:3)
  2 ice devils (Lair:6)
  4 rime drakes
  Maggie (D:9)
  A kobold demonologist (D:14)
  A tengu conjurer (D:13)
  A komodo dragon (shapeshifter) (D:15)
  5 komodo dragons
  4 trolls
  3 meliai (D:14)
  A polar bear (shapeshifter) (D:15)
  5 tyrant leeches
  A hornet (D:9)
  A raiju (shapeshifter) (D:14)
  Grinder (D:3)
  A snapping turtle (Lair:4)
  33 blink frogs
  2 shadows (D:11)
  58 yaks
  A vampire (D:9)
  4 wraiths
  7 wyverns
  3 fire elementals
  10 vampire mosquitoes
  3 fire bats (Lair:3)
  5 basilisks
  A steam dragon (D:8)
  Edmund (D:6)
  4 wargs
  14 water moccasins
  A glowing shapeshifter zombie (D:15)
  2 ice beasts
  33 orc warriors
  A sky beast (D:7)
  A black bear (Lair:2)
  7 centaurs
  4 boggarts (D:13)
  7 ogres
  4 lemures
  A phantom (D:7)
  4 kobold brigands
  A necrophage (D:5)
  14 bullfrogs
  3 scorpions
  4 wights (D:7)
  10 killer bees
  2 electric eels
  4 howler monkeys
  5 centaur zombies (Ossuary)
  A lava snake (Lair:5)
  4 hounds
  3 jellies
  19 orc priests
  A human zombie (Ossuary)
  Jessica (D:2)
  Natasha (twice) (D:3)
  2 iguanas
  30 orc wizards
  2 mummies (Ossuary)
  7 adders
  3 gnolls (D:6)
  A shadow imp (D:7)
  2 white imps
  2 ufetubi
  An adder zombie (Ossuary)
  2 worms
  2 dart slugs
  103 orcs
  2 bats
  10 endoplasms
  2 giant cockroaches
  10 goblins
  5 hobgoblins
  4 jackals
  18 kobolds
  3 quokkas
  4 ball pythons
  2 frilled lizards
  4 hobgoblin zombies (Ossuary)
  2 jackal zombies (Ossuary)
  14 kobold zombies (Ossuary)
  9 orc zombies (Ossuary)
  5 rats
  A rat zombie (Ossuary)
694 creatures vanquished.

Vanquished Creatures (others)
  35 fungi
  91 plants
  5 withered plants (D:15)
131 creatures vanquished.

Grand Total: 825 creatures vanquished

Notes
Turn   | Place    | Note
-------+----------+-------------------------------------------
     0 | D:1      | HoaS the Gargoyle Hunter began the quest for the Orb.
     0 | D:1      | Reached XP level 1. HP: 12/12 MP: 1/1
   100 | D:1      | Reached XP level 2. HP: 17/17 MP: 2/2
   549 | D:2      | Reached XP level 3. HP: 21/21 MP: 3/3
   556 | D:2      | Noticed Jessica
   558 | D:2      | Killed Jessica
   559 | D:2      | Reached skill level 5 in Crossbows
   625 | D:2      | Found Irogost's Weapon Emporium.
   725 | D:2      | Reached XP level 4. HP: 26/26 MP: 4/4
  1004 | D:2      | Reached skill level 6 in Crossbows
  1530 | D:3      | Found a faded altar of an unknown god.
  1563 | D:3      | Noticed Natasha
  1583 | D:3      | Killed Natasha
  1584 | D:3      | Reached XP level 5. HP: 30/30 MP: 5/5
  1859 | D:3      | Noticed Grinder
  2058 | D:3      | Found a white marble altar of Elyvilon.
  2058 | D:3      | Found an ancient bone altar of Kikubaaqudgha.
  2058 | D:3      | Found a shimmering altar of Xom.
  2311 | D:4      | Found a staircase to the Ecumenical Temple.
  2320 | Temple   | Entered the Ecumenical Temple
  2515 | Temple   | Became a worshipper of Warmaster Okawaru
  2691 | D:4      | Identified the +1 robe of Ignis's Reproof {rF++ rN+ MP+9}
  3027 | D:4      | Reached skill level 1 in Invocations
  3027 | D:4      | Reached XP level 6. HP: 29/35 MP: 5/7
  3180 | D:4      | Reached skill level 7 in Crossbows
  3267 | D:5      | Entered Level 5 of the Dungeon
  3294 | D:5      | Noticed an ice beast
  3361 | D:5      | Found a stormy altar of Qazlal.
  3389 | D:5      | Found a radiant altar of Vehumet.
  3825 | D:6      | Reached XP level 7. HP: 33/40 MP: 7/9
  3855 | D:6      | Found a bloodstained altar of Trog.
  3891 | D:6      | Noticed Edmund
  3913 | D:6      | Killed Edmund
  3913 | D:6      | Reached * piety under Okawaru
  3914 | D:6      | Reached skill level 8 in Crossbows
  3999 | D:6      | Reached ** piety under Okawaru
  4081 | D:6      | Noticed a wyvern
  4158 | D:6      | Reached skill level 9 in Crossbows
  4621 | D:7      | Reached XP level 8. HP: 35/44 MP: 10/10
  4645 | D:7      | Found a sand-covered staircase.
  4651 | Ossuary  | Entered an ossuary
  4853 | Ossuary  | Reached skill level 10 in Crossbows
  5065 | D:7      | Reached skill level 1 in Armour
  5070 | D:7      | Noticed a wyvern
  5098 | D:7      | Identified the +0 buckler "Kierryrr" {rElec rPois rCorr
                  | Int-4}
  5256 | D:7      | Found Mar Warph's Island Escapes.
  5931 | D:7      | Reached XP level 9. HP: 46/53 MP: 11/11
  6026 | D:7      | Found Ilekhlas's Armour Shop.
  6038 | D:7      | Bought a +2 pair of gloves for 231 gold pieces
  6038 | D:7      | Bought a +0 cloak of preservation for 161 gold pieces
  6052 | D:7      | Reached *** piety under Okawaru
  6053 | D:7      | Reached skill level 5 in Fighting
  6439 | D:3      | Noticed Natasha
  6443 | D:3      | Killed Natasha
  6539 | D:3      | Paralysed by Grinder for 4 turns
  6543 | D:3      | Killed Grinder
  7368 | D:7      | Reached **** piety under Okawaru
  7369 | D:7      | Reached skill level 5 in Armour
  7383 | D:7      | Received a gift from Okawaru
  7384 | D:7      | Reached XP level 10. HP: 50/64 MP: 12/12
  7869 | D:8      | Found Pinop's Armour Boutique.
  8287 | D:9      | Noticed a seven-headed hydra
  8287 | D:9      | Found a transporter.
  8422 | D:9      | Noticed a centaur warrior
  8443 | D:9      | Killed a centaur warrior
  8444 | D:9      | Reached skill level 5 in Dodging
  8924 | D:9      | Noticed Pikel
  9234 | D:9      | Killed Pikel
  9299 | D:9      | Reached ***** piety under Okawaru
  9405 | D:9      | Reached skill level 10 in Fighting
  9440 | D:9      | Received a gift from Okawaru
  9466 | D:9      | Reached XP level 11. HP: 15/72 MP: 14/14
  9746 | D:9      | Noticed Maggie
  9792 | D:9      | Killed a seven-headed hydra
  9793 | D:9      | Reached skill level 5 in Invocations
  9931 | D:9      | Killed Maggie
 10005 | D:9      | Found a staircase to the Lair.
 10037 | D:9      | Found a transporter.
 10045 | D:9      | Found a transporter.
 10064 | D:9      | Found a transporter.
 10077 | D:9      | Found a transporter.
 10284 | D:9      | Found a transporter.
 10423 | Lair:1   | Entered Level 1 of the Lair of Beasts
 10607 | Lair:1   | Noticed Fannar
 11319 | Lair:1   | Identified the +4 arbalest of Byelohuxt {venom, rC+ rCorr}
                  | (Okawaru gifted it to you on level 1 of the Lair of Beasts)
 11319 | Lair:1   | Received a gift from Okawaru
 11808 | Lair:2   | Reached skill level 11 in Crossbows
 11824 | Lair:2   | Noticed an eight-headed hydra
 11851 | Lair:2   | Killed an eight-headed hydra
 11852 | Lair:2   | Reached XP level 12. HP: 28/77 MP: 6/17
 12160 | Lair:2   | Noticed a seven-headed hydra
 12165 | Lair:2   | Killed a seven-headed hydra
 12165 | Lair:2   | Reached ****** piety under Okawaru
 12180 | Lair:2   | Received a gift from Okawaru
 12505 | Lair:3   | Found a hole to the Spider Nest.
 12528 | Lair:3   | Reached skill level 12 in Crossbows
 12812 | Lair:3   | Noticed a seven-headed hydra
 12827 | Lair:3   | Killed a seven-headed hydra
 12961 | Lair:3   | Found a dark tunnel.
 13087 | Lair:3   | Noticed Amaemon
 13098 | Lair:3   | Killed Amaemon
 13099 | Lair:3   | Reached skill level 13 in Crossbows
 13507 | Lair:4   | Received a gift from Okawaru
 13581 | Lair:4   | Found a large runed translucent door.
 13581 | Lair:4   | Found a large runed translucent door.
 13586 | Lair:4   | Noticed olaf's ghost (journeyman MeBe)
 13749 | Lair:4   | Found a staircase to the Shoals.
 14059 | Lair:4   | Reached skill level 14 in Crossbows
 14282 | Lair:4   | Reached XP level 13. HP: 30/82 MP: 6/19
 14817 | Lair:5   | Reached skill level 15 in Crossbows
 14826 | Lair:5   | Received a gift from Okawaru
 15401 | Lair:5   | Found a staircase to the Slime Pits.
 15586 | Lair:6   | Entered Level 6 of the Lair of Beasts
 15600 | Lair:5   | Reached skill level 16 in Crossbows
 16189 | Lair:6   | Received a gift from Okawaru
 16351 | Lair:6   | Found a glowing golden altar of the Shining One.
 16593 | Lair:6   | Gained mutation: Your large and strong wings let you fly.
                  | [Gargoyle growth]
 16593 | Lair:6   | Reached XP level 14. HP: 90/90 MP: 21/21
 16661 | Lair:6   | Identified the +10 whip "Jellyslayer" {vamp, Int+5}
 16670 | Lair:6   | Identified the +8 shortbow "Qauczool" {flame, rC- Str+7}
 17314 | Lair:6   | Identified the +1 cloak "Sedoesy" {Dex+3} (Okawaru gifted
                  | it to you on level 6 of the Lair of Beasts)
 17314 | Lair:6   | Received a gift from Okawaru
 17552 | Lair:4   | Killed olaf's ghost
 17787 | Lair:1   | Killed Fannar
 17863 | D:10     | Entered Level 10 of the Dungeon
 17917 | D:10     | Found Pigrupu's Weapon Emporium.
 18401 | D:11     | Found Colaen's Antique Weapon Emporium.
 18470 | D:11     | Noticed Sonja
 18474 | D:11     | Killed Sonja
 18510 | D:11     | Found a staircase to the Orcish Mines.
 19084 | D:11     | Found an ornate altar of the Wu Jian Council.
 19085 | D:11     | Noticed Harold
 19094 | D:11     | Killed Harold
 19218 | Orc:1    | Entered Level 1 of the Orcish Mines
 19650 | Orc:1    | You are sucked into a shaft and drop 1 floor!
 19650 | Orc:2    | Entered Level 2 of the Orcish Mines
 19650 | Orc:2    | Found a staircase to the Elven Halls.
 19668 | Orc:2    | Reached skill level 10 in Dodging
 20681 | Orc:2    | Identified the +7 triple crossbow of Ogoith {freeze, rF+
                  | Will- Dex+2} (Okawaru gifted it to you on level 2 of the
                  | Orcish Mines)
 20681 | Orc:2    | Received a gift from Okawaru
 20721 | Orc:2    | Noticed Saint Roka
 21024 | D:12     | Noticed Maurice
 21029 | D:12     | Killed Maurice
 21285 | D:12     | Reached XP level 15. HP: 97/97 MP: 22/22
 21625 | D:12     | Reached skill level 17 in Crossbows
 21936 | Orc:2    | Killed Saint Roka
 22158 | Orc:2    | Found Urux Mewy's Antique Weapon Emporium.
 22260 | Orc:2    | Found Joli Wiokus's Antique Armour Shoppe.
 22299 | Orc:2    | Received a gift from Okawaru
 22335 | Orc:2    | Found Etoxegg's General Store.
 22340 | Orc:2    | Bought 3 scrolls of poison for 136 gold pieces
 22340 | Orc:2    | Bought a potion of invisibility for 104 gold pieces
 22554 | Orc:2    | Found Zoler's General Store.
 22563 | Orc:2    | Bought a scroll of enchant armour for 105 gold pieces
 23265 | D:13     | Reached skill level 18 in Crossbows
 23362 | D:13     | Found Neki's Jewellery Boutique.
 23367 | D:13     | Bought the ring of Baitweid {Will++ MP+9 Int+3} for 625
                  | gold pieces
 23793 | D:14     | Found Naigaehe's Antique Artefacts.
 23878 | D:14     | Found Hulinatz's CLEARANCE SALE!.
 23885 | D:14     | Bought a scroll of enchant armour for 7 gold pieces
 23885 | D:14     | Bought a scroll of enchant armour for 7 gold pieces
 23908 | D:14     | Received a gift from Okawaru
 23996 | D:14     | Found a shimmering altar of Xom.
 24508 | D:14     | Found a gate to the Vaults.
 24558 | D:15     | Entered Level 15 of the Dungeon
 24574 | D:15     | Identified the +5 scale mail of Integrity {+Blink rC- rN+
                  | rCorr} (Okawaru gifted it to you on level 15 of the
                  | Dungeon)
 24574 | D:15     | Received a gift from Okawaru
 24585 | D:15     | Reached skill level 19 in Crossbows
 25118 | D:15     | Reached XP level 16. HP: 103/103 MP: 23/23
 25179 | D:15     | Found a blossoming altar of Fedhas.
 25218 | D:15     | Identified the +5 scale mail "Xocarudd" {Regen+ Dex+4}
 25247 | D:15     | Found a staircase to the Depths.
 25303 | D:15     | Noticed Jorgrun
 25386 | D:14     | Slain by a white ugly thing

Illustrated notes

Levels and vault maps discovered:
D:1:      zaba_arrival_water, layout_rooms
D:2:      minmay_diamond_boxcup, layout_basic, serial_shops,
          nicolae_shop_advertising_works [nicolae_subvault_shop_adworks],
          uniq_jessica
D:3:      layout_basic, gammafunk_temple_overflow_claw,
          ebering_ecumenical_altar_sacrificial, minmay_distorted, uniq_natasha,
          uniq_grinder
D:4:      layout_cave_pods, minmay_temple_entry_ruins, grunt_ministairs_10,
          st_stairs_4
D:5:      layout_basic, mainiacjoe_overflow_large_starburst,
          hangedman_decor_points, minmay_misc_feat_nine_boxes
D:6:      layout_basic, overflow_temple_1_default, uniq_edmund
D:7:      layout_loops_cross, nicolae_ossuary_entry_plus, serial_glass,
          glass_columns_a, glass_columns_a, minmay_strange_pillars,
          feat_on_display, item_on_display_a, serial_shops, shop_statue,
          nicolae_island_escapes
D:8:      layout_loops_ring, serial_shops, nicolae_shop_hallway_stairs
D:9:      layout_grid_maze, david_lair_shrubbed, serial_nicolae_subway,
          nicolae_sub_station_metal, nicolae_sub_station_crystal,
          nicolae_sub_station_stone, uniq_maggie, uniq_pikel
D:10:     layout_roguey, serial_shops, nicolae_shop_bloodbath_and_beyond
D:11:     layout_long_grid, orc_0_dummy, serial_shops, shop,
          nicolae_wu_jian_immortal_techniques, uniq_harold, uniq_sonja
D:12:     layout_basic, uniq_maurice
D:13:     layout_basic, serial_shops, shop
D:14:     layout_cave_pools, hangedman_vaults_entry_quadrant_bands,
          xom_teletrap_fun, nicolae_antique_artefacts, nicolae_shop_clearance
D:15:     gammafunk_depths_entry_grave, layout_cave_pools, patterned_corridor,
          fedhas_altar_1, uniq_jorgrun
Temple:   regret_index_temple_sphere_string
Lair:1:   layout_loops_ring, lemuel_fruit_tree, uniq_fannar
Lair:2:   layout_misc_corridors
Lair:3:   layout_regular_city, spider_nest_entry_rubble,
          nicolae_volcano_entry_batcave, grunt_megastairs_2,
          infiniplex_staircase_pool_2, lemuel_fruit_fields, uniq_amaemon
Lair:4:   layout_cave_pods, minmay_shoals_entry_hut, ebering_ghost_disaster_area
Lair:5:   layout_gridlike, dpeg_slime_entry_corner,
          chequers_serial_rivers_micro_d, grunt_megastairs_1,
          infiniplex_staircase_pool, serial_bayou_shore_b
Lair:6:   minmay_lair_end_frog_pond, layout_regular_city,
          gauntlet_entry_generic, portal_ice_cave_demonic_guard,
          chequers_serial_rivers_large_a, lemuel_oklob_altar
Orc:1:    layout_caves
Orc:2:    grunt_orc_community_town_hall, layout_caves,
          grunt_orc_community_big_house_2, grunt_orc_community_big_house_2,
          grunt_orc_community_house_2, grunt_orc_community_house_2,
          grunt_orc_community_house_1, grunt_orc_community_house_2,
          grunt_orc_community_house_1, grunt_orc_community_house_1

Skill      XL: |  1  2  3  4  5  6  7  8  9 10 11 12 13 14 15 |
---------------+----------------------------------------------+-----
Crossbows      | 5 6 7 9 10 11 14 16 19 | 19.7
Invocations    | 1 2 3 4 7 9 |  9.5
Fighting       | 4 8 10 11 12 | 12.9
Armour         | 2 5 6 7 8 9 |  9.6
Dodging        | 2 4 6 7 8 10 | 10.3
Stealth        | |  1.1

Action                   |  1- 3 |  4- 6 |  7- 9 | 10-12 | 13-15 | 16-18 || total
-------------------------+-------+-------+-------+-------+-------+-------++-------
Melee: Unarmed           |       |       |     2 |       |       |       ||     2
 Fire: Hand crossbow     |    68 |   245 |   604 |   466 |       |       ||  1383
       Arbalest          |       |       |       |   300 |   876 |       ||  1176
       Triple crossbow   |       |       |       |       |   355 |    26 ||   381
Invok: Heroism           |       |       |     7 |     8 |     5 |     1 ||    21
       Finesse           |       |       |       |     3 |     4 |       ||     7
  Use: Scroll            |     6 |     7 |     5 |    10 |    17 |     1 ||    46
       Potion            |       |     1 |     5 |     5 |     4 |       ||    15
Armor: Troll leather arm |     5 |    78 |   269 |    35 |       |       ||   387
       Steam dragon scal |       |       |       |   101 |       |       ||   101
       Acid dragon scale |       |       |       |   149 |   233 |    10 ||   392
Dodge: Dodged            |    13 |    81 |   329 |   601 |   740 |    18 ||  1782
Block: Buckler           |       |       |    51 |    70 |       |       ||   121

Table legend: (Time is in decaauts)
 A = Elapsed time spent in this place.
 B = Non-inter-level travel time spent in this place.
 C = Inter-level travel time spent in this place.
 D = Time resting spent in this place.
 E = Time spent auto-exploring this place.
 F = Levels seen in this place.
 G = Mean time per level.
                   A        B        C        D        E       F      G
               +--------+--------+--------+--------+--------+-----+--------+
         Total |  25803 |  23899 |   1904 |   4947 |  13327 |  25 | 1032.1 |
       Dungeon |  15078 |  13901 |   1177 |   2557 |   8142 |  15 | 1005.2 |
        Temple |    220 |    190 |     30 |      0 |    177 |   1 |  220.0 |
          Lair |   7511 |   6979 |    532 |   1577 |   3937 |   6 | 1251.8 |
  Orcish Mines |   2627 |   2463 |    164 |    793 |    968 |   2 | 1313.5 |
       Ossuary |    365 |    365 |      0 |     20 |    102 |   1 |  365.0 |
               +--------+--------+--------+--------+--------+-----+--------+

Top non-repeatable levels by time:
     D:9: 1862 daAuts
   Orc:2: 1561 daAuts
  Lair:5: 1528 daAuts
     D:6: 1513 daAuts
     D:7: 1446 daAuts
  Lair:6: 1378 daAuts
  Lair:4: 1352 daAuts
  Lair:2: 1195 daAuts
  Lair:1: 1141 daAuts
    D:14: 1133 daAuts
   Orc:1: 1065 daAuts
    D:11: 1060 daAuts
     D:8: 1045 daAuts
     D:4: 1040 daAuts
    D:13: 1026 daAuts
